 Dungeon Crawl Stone Soup version 0.31-a0-369-g8eba5f6939 (webtiles) character file.

Game seed: 14263106140314141812

32175 floatRand the Brawler (level 13, -8/108 HPs)
             Began as a Red Draconian Shapeshifter on July 28, 2023.
             Was a High Priest of Wu Jian.
             Mangled by a death yak (17 damage)
             ... on level 4 of the Lair of Beasts.
             The game lasted 00:27:10 (16828 turns).

floatRand the Brawler (Red Draconian Shapeshifter) Turns: 16828, Time: 00:27:11

Health: -8/108     AC: 14    Str: 18    XL:     13   Next: 30%
Magic:  13/13      EV: 14    Int:  8    God:    Wu Jian [*****.]
Gold:   1338       SH:  0    Dex: 17    Spells: 10/12 levels left

rFire   + .          .
                       - Unarmed
rCold   . . .        (no shield)
rNeg    . . .        (body armour unavailable)
rPois   +            P - +2 hat
rElec   .            (no cloak)
rCorr   .            (no gloves)
SInv    .            (no boots)
Will    .....        B - amulet of magic regeneration
Stlth   +++          d - +4 ring of protection
HPRegen 0.38/turn    e - ring of poison resistance
MPRegen 0.53/turn

%: no passive effects
@: maw-form, studying Fighting
A: devouring maw, breathe fire, AC +8, unfitting armour, fire resistance 1,
cold-blooded
a: Breathe Fire, Begin Untransformation, Renounce Religion, Wall Jump, Serpent's
Lash, Heavenly Storm


You were on level 4 of the Lair of Beasts.
You worshipped Wu Jian.
Wu Jian was extremely pleased with you.
You were a creature with a mouth for a stomach.
You visited 3 branches of the dungeon, and saw 15 of its levels.
You also visited: Sewer and Bailey.

You collected 1955 gold pieces.
You spent 617 gold pieces at shops.

Inventory:

Missiles
 t - 3 atropa-tipped darts
 Q - 3 throwing nets
Armour
 u - a +0 buckler
 P - a +2 hat (worn)
Jewellery
 d - a +4 ring of protection (left hand)
 e - a ring of poison resistance (right hand)
 l - a ring of willpower
 s - a ring of resist corrosion
 v - a ring of flight
 y - a +4 ring of protection
 B - an amulet of magic regeneration (around neck)
 J - a +6 ring of strength
 K - the ring "Jaofija" {Fly rN++ Int+3 Dex-2}
   (You took it off a deep elf zephyrmancer on level 10 of the Dungeon)

   [ring of flight]

   Int:       It affects your intelligence (+3).
   Dex:       It affects your dexterity (-2).
   rN:        It greatly protects you from negative energy.
   Fly:       It grants you flight.
Talismans
 b - a beast talisman
 C - a maw talisman
Wands
 g - a wand of digging (10)
 D - a wand of paralysis (19)
 G - a wand of light (7)
 I - a wand of mindburst (6)
 R - a wand of polymorph (3)
 T - a wand of roots (3)
Scrolls
 f - a scroll of revelation
 i - 2 scrolls of amnesia
 m - 4 scrolls of blinking
 z - 2 scrolls of fog
 A - 3 scrolls of immolation
 E - a scroll of enchant armour
 H - 2 scrolls of teleportation
 L - 7 scrolls of identify
 M - a scroll of poison
 S - a scroll of enchant weapon
Potions
 a - 2 potions of lignification
 c - 7 potions of curing
 h - 2 potions of berserk rage
 j - a potion of mutation
 k - 2 potions of resistance
 n - 3 potions of heal wounds
 o - 6 potions of enlightenment
 p - 2 potions of cancellation
 r - 3 potions of might
 w - 6 potions of haste
 x - a potion of brilliance
 F - a potion of attraction
 O - 2 potions of magic
Miscellaneous
 q - a phial of floods
 N - a sack of spiders


   Skills:
 + Level 8.4 Fighting
 + Level 5.1 Dodging
 + Level 4.9 Stealth
 * Level 15.4 Unarmed Combat
 + Level 6.9 Translocations
 * Level 11.4 Shapeshifting


You had 10 spell levels left.
You knew the following spells:

 Your Spells              Type           Power      Damage    Failure   Level
a - Blink                 Tloc           22%        N/A       4%          2

Your spell library contained the following spells:

 Spells                   Type           Power      Damage    Failure   Level
 Lesser Beckoning         Tloc           22%        N/A       4%          2
 Gell's Gravitas          Tloc           11%        N/A       8%          3
 Teleport Other           Tloc           11%        N/A       8%          3
 Momentum Strike          Conj/Tloc      10%        3d8       16%         2
 Summon Small Mammal      Summ           0%         N/A       41%         1
 Call Canine Familiar     Summ           0%         N/A       78%         3
 Summon Guardian Golem    Hex/Summ       0%         N/A       78%         3
 Summon Lightning Spire   Summ/Air       0%         N/A       99%         4
 Dispersal                Tloc           5%         N/A       99%         6
 Fireball                 Conj/Fire      0%         3d3       100%        5
 Iskenderun's Battlesphe  Conj           0%         2d6       100%        5
 Lee's Rapid Deconstruct  Erth           0%         3d4*      100%        5
 Conjure Ball Lightning   Conj/Air       0%         3x3d6     100%        6
 Orb of Destruction       Conj           0%         9d5       100%        7
 Animate Armour           Summ/Erth      Unusable   N/A       N/A         4

Dungeon Overview and Level Annotations

Branches:
Dungeon (10/15)            Temple (1/1) D:4            Lair (4/5) D:8
 Shoals (0/4) Lair:2       Spider (0/4) Lair:3        Sewer (visited)
 Bailey (visited)
  Slime: Lair:4-5       Orc: D:9-12

Altars:
Ashenzari
Cheibriados
Dithmenos
Elyvilon
Fedhas
Gozag
Hepliaklqana
Kikubaaqudgha
Makhleb
Nemelex Xobeh
Okawaru
Qazlal
Ru
Sif Muna
Trog
Uskayaw
Vehumet
Wu Jian
Xom
Yredelemnul
Zin
The Shining One

Shops:
D:1 ![(!(   D:9 !

Portals:
Trove: D:10 (give +8 demon blade)


Innate Abilities, Weirdness & Mutations

You are a creature with a mouth for a stomach.
Your midsection houses a second, enormous mouth.
You can breathe blasts of fire.
Your fiery red scales are hard. (AC +8)
You cannot fit into any form of body armour.
Your flesh is heat resistant. (rF+)
You are cold-blooded and may be slowed by cold attacks.


Message History

The death yak is heavily wounded.
The death yak gores you!
* * * LOW HITPOINT WARNING * * *
You punch the death yak!
The death yak is heavily wounded.
The death yak gores you but does no damage.
You completely miss the death yak. You bite the death yak.
The death yak is heavily wounded.
The death yak barely misses you.
You punch the death yak!
The death yak is severely wounded.
You barely miss the death yak.
You tail-slap the death yak, but do no damage.
The death yak is severely wounded.
The death yak gores you but does no damage.
You pummel the death yak!!
You kill the death yak!
The Council accepts your kill.
You hit the death yak but do no damage. You barely miss the death yak.
You tail-slap the death yak, but do no damage.
The death yak closely misses you.
You hit the death yak.
The death yak is lightly wounded.
The death yak closely misses you.
You barely miss the death yak.
Your tail-slap misses the death yak.
The death yak is lightly wounded.
The death yak gores you!
* * * LOW HITPOINT WARNING * * *
You hit the death yak but do no damage. You bite the death yak!
The death yak is lightly wounded.
You pummel the death yak!!
The death yak is heavily wounded.
The death yak gores you.
* * * LOW HITPOINT WARNING * * *
You hit the death yak.
You punch the death yak, but do no damage.
The death yak is heavily wounded.
The death yak gores you!
You die...

#..# #..# #.##
#..# ##.## #..#
##.## # ###..## #
#W#...# # ##Y..##
# ##..# # ##..##
###########
#...####.##..#..##
###..........[....
###..##.P.####..
######### ### ##


You could see a death yak.

Vanquished Creatures
  Nessos (Lair:4)
  A hydra (Lair:2)
  Erica (Lair:1)
  3 two-headed ogres
  5 death yaks (Lair:4)
  2 skysharks
  A deep troll (D:10)
  2 deep elf zephyrmancers (D:10)
  A deep elf pyromancer (D:10)
  An orc sorcerer (D:10)
  2 merfolk sirens (Lair:2)
  Joseph (D:7)
  3 black mambas
  Maggie (D:10)
  5 cane toads
  A rime drake (Lair:4)
  A torpor snail (Lair:1)
  A kobold demonologist (D:9)
  3 komodo dragons
  2 ice devils (Lair:1)
  2 guardian mummies (D:10)
  2 merfolk (Lair:2)
  A polar bear (Lair:1)
  2 trolls (D:10)
  A hornet (D:9)
  Grinder (D:6)
  10 blink frogs
  2 vampires
  25 yaks
  6 basilisks
  2 fire bats (Lair:2)
  2 redbacks (Lair:3)
  4 vampire mosquitoes (D:10)
  3 wargs
  An acid dragon (D:10)
  14 water moccasins
  A sky beast (D:7)
  8 orc warriors
  A black bear (Lair:2)
  17 wolves
  3 ogres
  5 centaurs
  3 kobold brigands
  8 bullfrogs
  A scorpion (D:6)
  8 wights
  4 killer bees
  3 howler monkeys
  2 hounds
  3 jellies
  5 orc priests
  2 sleepcaps
  7 orc wizards
  Robin (D:3)
  9 adders
  14 gnolls
  5 river rats (Sewer)
  A shadow imp (D:6)
  A white imp (D:5)
  A worm (D:4)
  3 dart slugs
  24 orcs
  4 endoplasms
  2 giant cockroaches
  25 goblins
  15 hobgoblins
  12 jackals
  7 quokkas
  11 ball pythons
  5 bats
  6 frilled lizards
  24 kobolds
  9 rats
376 creatures vanquished.

Notes
Turn   | Place    | Note
-------+----------+-------------------------------------------
     0 | D:1      | floatRand the Draconian Shapeshifter began the quest for
                  | the Orb.
     0 | D:1      | Reached XP level 1. HP: 16/16 MP: 1/1
    77 | D:1      | Reached XP level 2. HP: 21/23 MP: 2/2
   125 | D:1      | Found Aptew's Weapon Emporium.
   331 | D:1      | Found Urawimy's Armour Shoppe.
   411 | D:1      | Found Juywin's Distillery.
   529 | D:1      | Reached XP level 3. HP: 15/28 MP: 3/3
   644 | D:1      | Found Dimnadwoedd's Antique Weapon Shop.
   660 | D:1      | Reached skill level 4 in Unarmed Combat
   768 | D:1      | Found Amidd's Distillery.
   774 | D:1      | Bought a potion of curing for 42 gold pieces
  1162 | D:2      | Reached XP level 4. HP: 35/35 MP: 4/4
  1504 | D:1      | Bought a potion of heal wounds for 70 gold pieces
  1573 | D:1      | Bought a potion of enlightenment for 50 gold pieces
  1815 | D:2      | Reached skill level 5 in Unarmed Combat
  1815 | D:2      | Reached XP level 5. HP: 25/40 MP: 5/5
  1912 | D:3      | Noticed Robin
  1942 | D:3      | Killed Robin
  2888 | D:4      | Found an ancient bone altar of Kikubaaqudgha.
  2891 | D:4      | Found a broken altar of Ashenzari.
  2894 | D:4      | Found a hazy altar of Hepliaklqana.
  2897 | D:4      | Found a white marble altar of Elyvilon.
  3061 | D:4      | Found a glowing drain.
  3065 | Sewer    | Entered a sewer
  3075 | Sewer    | Reached XP level 6. HP: 47/47 MP: 6/6
  3218 | Sewer    | Reached skill level 6 in Unarmed Combat
  4041 | D:4      | Found a staircase to the Ecumenical Temple.
  4052 | Temple   | Entered the Ecumenical Temple
  4060 | Temple   | Became a worshipper of the Wu Jian Council
  4178 | D:4      | Your scales start taking on a fiery red colour.
  4178 | D:4      | Reached XP level 7. HP: 51/52 MP: 7/7
  4178 | D:4      | Gained mutation: Your flesh is heat resistant. (rF+) [Red
                  | Draconian growth]
  4563 | D:4      | Reached skill level 7 in Unarmed Combat
  4632 | D:5      | Entered Level 5 of the Dungeon
  4781 | D:5      | Reached skill level 5 in Shapeshifting
  5475 | D:6      | Reached skill level 8 in Unarmed Combat
  5688 | D:6      | Reached XP level 8. HP: 36/59 MP: 8/8
  5930 | D:6      | Noticed Grinder
  5942 | D:6      | Killed Grinder
  5943 | D:6      | Reached skill level 9 in Unarmed Combat
  6447 | D:6      | Reached * piety under Wu Jian
  6881 | D:7      | You fall into a shaft and drop 2 floors!
  7003 | D:9      | Noticed a two-headed ogre
  7017 | D:9      | Killed a two-headed ogre
  7018 | D:9      | Reached skill level 10 in Unarmed Combat
  7018 | D:9      | Reached XP level 9. HP: 19/64 MP: 9/9
  7264 | D:7      | Noticed Joseph
  7278 | D:7      | Killed Joseph
  7279 | D:7      | Reached skill level 11 in Unarmed Combat
  7404 | D:7      | Found a flagged portal.
  7439 | Bailey   | Entered a bailey
  7575 | Bailey   | Reached ** piety under Wu Jian
  7599 | Bailey   | Reached skill level 12 in Unarmed Combat
  7918 | D:7      | Learned a level 2 spell: Blink
  8021 | D:7      | Reached XP level 10. HP: 67/71 MP: 10/10
  8469 | D:8      | Reached skill level 1 in Translocations
  8691 | D:8      | Found a staircase to the Lair.
  9406 | D:9      | Reached *** piety under Wu Jian
  9680 | D:9      | Found Feunwaeg's Distillery.
  9777 | D:9      | Bought a potion of haste for 130 gold pieces
  9777 | D:9      | Bought a potion of heal wounds for 65 gold pieces
  9777 | D:9      | Bought a potion of resistance for 130 gold pieces
  9777 | D:9      | Bought a potion of heal wounds for 65 gold pieces
  9777 | D:9      | Bought a potion of heal wounds for 65 gold pieces
  9932 | D:10     | Entered Level 10 of the Dungeon
 10075 | D:10     | Reached skill level 13 in Unarmed Combat
 10113 | D:10     | Noticed Maggie
 10127 | D:10     | Noticed an orc sorcerer
 10132 | D:10     | Killed Maggie
 10298 | D:10     | Noticed a deep elf pyromancer
 10302 | D:10     | Killed a deep elf pyromancer
 10303 | D:10     | Reached XP level 11. HP: 53/77 MP: 11/11
 10427 | D:10     | Noticed a two-headed ogre
 10492 | D:10     | Killed a two-headed ogre
 10503 | D:10     | Noticed a two-headed ogre
 10513 | D:10     | Killed a two-headed ogre
 10689 | D:10     | Identified the ring "Jaofija" {Fly rN++ Int+3 Dex-2}
 10689 | D:10     | Noticed a deep elf zephyrmancer
 10698 | D:10     | Killed a deep elf zephyrmancer
 10845 | D:10     | Noticed a deep elf zephyrmancer
 10851 | D:10     | Killed a deep elf zephyrmancer
 10970 | D:10     | Identified the staff "Aceipp" {rC+ Will- Dex+6 Ice}
 10986 | D:10     | Noticed a sixfirhy
 10993 | D:10     | HP: 1/79 [sixfirhy[an orc sorcerer] (12)]
 10994 | D:10     | Killed an orc sorcerer
 11258 | D:10     | Noticed a deep troll
 11285 | D:10     | Killed a deep troll
 11286 | D:10     | Reached skill level 1 in Stealth
 11518 | D:10     | Found a portal to a secret trove of treasure.
 12039 | Lair:1   | Entered Level 1 of the Lair of Beasts
 12040 | Lair:1   | Noticed a skyshark
 12140 | Lair:1   | Reached skill level 14 in Unarmed Combat
 12151 | Lair:1   | Reached skill level 5 in Translocations
 12155 | Lair:1   | Reached skill level 10 in Shapeshifting
 12223 | Lair:1   | Noticed Erica
 12232 | Lair:1   | Killed Erica
 12338 | Lair:1   | Reached **** piety under Wu Jian
 12380 | Lair:1   | Noticed a death yak
 12463 | Lair:1   | Killed a skyshark
 12639 | Lair:1   | Found a frozen archway.
 12643 | Lair:1   | Reached XP level 12. HP: 46/93 MP: 12/12
 12866 | Lair:1   | Reached skill level 5 in Fighting
 13379 | Lair:2   | Noticed a four-headed hydra
 13584 | Lair:2   | Found a staircase to the Shoals.
 13684 | Lair:2   | Killed a four-headed hydra
 13982 | Lair:2   | Noticed a fire dragon
 14953 | Lair:3   | Found a hole to the Spider Nest.
 14967 | Lair:3   | Reached skill level 15 in Unarmed Combat
 15452 | Lair:4   | Noticed Nessos
 16048 | Lair:4   | Killed Nessos
 16126 | Lair:4   | Reached XP level 13. HP: 67/106 MP: 13/13
 16781 | Lair:4   | Reached ***** piety under Wu Jian
 16782 | Lair:4   | Reached skill level 5 in Dodging
 16828 | Lair:4   | Mangled by a death yak

Illustrated notes

Levels and vault maps discovered:
D:1:      minmay_arrival_stair_chambers, layout_basic, serial_shops,
          nicolae_shop_competitors_out_of_business, shop,
          nicolae_shop_industrial_runoff, nicolae_shop_gibbet_a_chance, shop,
          minmay_octomino_j4
D:2:      layout_basic, minmay_indecisive_spiral
D:3:      layout_loops_ring, uniq_robin
D:4:      layout_basic, grunt_temple_overflow_cloverleaf,
          minmay_temple_entry_junction, gup_sewer_entry_bowl
D:5:      layout_loops_ring, hangedman_decor_points
D:6:      layout_loops_corners, small_statue_intersection,
          grunt_decor_mini_mirrors, uniq_grinder
D:7:      layout_cave_pools, enter_bailey_5, kennysheep_donut,
          dreamdust_wishing_well, uniq_joseph
D:8:      layout_gridville, erik_lair_orcish_takeover
D:9:      layout_small_grid, serial_shops, nicolae_stop_n_shop_1,
          nzn_life_drinkers
D:10:     layout_roguey, nicolae_trove_entry_path_of_doom, minmay_the_grid_2x2
          [minmay_the_grid_tree, minmay_the_grid_minigrid_small_alt,
          minmay_the_grid_tri_star, minmay_the_grid_prize_diamond_cup],
          uniq_maggie
Temple:   dpeg_three_leaves_temple
Lair:1:   beast_lair_carwin_large_1, layout_gridlike,
          portal_ice_cave_demonic_guard, infiniplex_staircase_pool, uniq_erica
Lair:2:   dragon1_lemuel, layout_misc_corridors, elwin_shoals_entry_stream,
          serial_bayou_shore_b
Lair:3:   layout_chaotic_city, spider_nest_entry_webs
Lair:4:   layout_loops_ring, grunt_megastairs_2, uniq_nessos

Skill      XL: |  1  2  3  4  5  6  7  8  9 10 11 12 13 |
---------------+----------------------------------------+-----
Unarmed Combat | 4 5 6 8 10 12 13 14 15 | 15.4
Shapeshifting  | 4 5 6 7 9 10 11 | 11.4
Translocations | 3 5 6 |  6.9
Fighting       | 4 7 8 |  8.4
Dodging        | 3 4 5 |  5.1
Stealth        | 2 4 |  4.9

Action                     |  1- 3 |  4- 6 |  7- 9 | 10-12 | 13-15 || total
---------------------------+-------+-------+-------+-------+-------++-------
  Melee: Unarmed           |    89 |   251 |   173 |   574 |   101 ||  1188
         Tailslap          |     4 |    28 |    24 |   104 |    20 ||   180
         Punch             |     1 |     6 |    11 |    45 |    17 ||    80
         Maw               |       |       |       |    91 |    28 ||   119
Ability: Breathe Fire      |       |       |    15 |    20 |       ||    35
         Lunge             |       |       |     7 |    24 |     4 ||    35
         Whirlwind         |       |       |     5 |    23 |     2 ||    30
  Evoke: Wand              |       |       |       |     5 |       ||     5
    Use: Potion            |     1 |     1 |       |     2 |       ||     4
         Scroll            |       |       |    21 |     5 |       ||    26
   Stab: Sleeping          |     1 |     2 |       |     2 |       ||     5
         Distracted        |       |       |       |     2 |       ||     2
         Paralysed         |       |       |       |     4 |       ||     4
 Armour: Skin              |    33 |    77 |    49 |   208 |    17 ||   384
  Dodge: Dodged            |    68 |   151 |   105 |   319 |    36 ||   679
   Form: Maw               |       |       |       |     1 |       ||     1

Table legend: (Time is in decaauts)
 A = Elapsed time spent in this place.
 B = Non-inter-level travel time spent in this place.
 C = Inter-level travel time spent in this place.
 D = Time resting spent in this place.
 E = Time spent auto-exploring this place.
 F = Levels seen in this place.
 G = Mean time per level.
                   A        B        C        D        E       F      G
               +--------+--------+--------+--------+--------+-----+--------+
         Total |  16829 |  16289 |    540 |   3534 |   8629 |  17 |  989.9 |
       Dungeon |  10723 |  10232 |    491 |   2137 |   5916 |  10 | 1072.3 |
        Temple |     18 |     18 |      0 |      0 |      0 |   1 |   18.0 |
          Lair |   4693 |   4645 |     48 |   1331 |   1921 |   4 | 1173.2 |
         Sewer |    953 |    953 |      0 |     41 |    603 |   1 |  953.0 |
        Bailey |    441 |    441 |      0 |     24 |    187 |   1 |  441.0 |
               +--------+--------+--------+--------+--------+-----+--------+

Top non-repeatable levels by time:
    D:10: 2010 daAuts
     D:6: 1416 daAuts
  Lair:3: 1360 daAuts
  Lair:2: 1339 daAuts
  Lair:1: 1199 daAuts
     D:8: 1145 daAuts
     D:1: 1029 daAuts
     D:4: 1019 daAuts
     D:3: 1005 daAuts
   Sewer: 953 daAuts
     D:9: 904 daAuts
     D:5: 821 daAuts
  Lair:4: 793 daAuts
     D:2: 772 daAuts
     D:7: 598 daAuts
